 Dungeon Crawl Stone Soup version 0.31-a0-506-g3d79149578 (webtiles) character file.

Game seed: 17084212685823828652

9 GordonOverkill the Sneak (level 2, 0/16 HPs)
             Began as a Vine Stalker Delver on Aug 9, 2023.
             Slain by a water moccasin zombie (2 damage)
             ... in an ossuary.
             The game lasted 00:01:22 (218 turns).

GordonOverkill the Sneak (Vine Stalker Delver)       Turns: 218, Time: 00:01:23

Health: 0/16       AC:  3    Str: 14    XL:     2   Next: 16%
Magic:  0/3        EV: 11    Int: 10    God:
Gold:   10         SH:  0    Dex: 15    Spells: 1/1 levels left

rFire   . .          .
                       - Unarmed
rCold   . . .        (no shield)
rNeg    . . .        a - +0 leather armour
rPois   .            (no helmet)
rElec   .            (no cloak)
rCorr   .            (no gloves)
SInv    .            (no boots)
Will    .....        (no amulet)
Stlth   +++          (no ring)
HPRegen 0.22/turn    (no ring)
MPRegen 0.08/turn

%: guardian spirit
@: no status effects
A: fangs 2, magic shield, antimagic bite, no potion heal 2
a: no special abilities


You were in an ossuary.
You visited 1 branch of the dungeon, and saw 2 of its levels.
You also visited: Ossuary.

You collected 10 gold pieces.

Inventory:

Armour
 a - a +0 leather armour (worn)
Wands
 f - a wand of digging (2)
Scrolls
 b - a scroll of fog
 c - a scroll of revelation


   Skills:
 - Level 2.6 Fighting
 - Level 1.5 Dodging
 - Level 6.0 Stealth
 + Level 2.8 Unarmed Combat


You had one spell level left.
You didn't know any spells.
Your spell library was empty.

Dungeon Overview and Level Annotations

Branches:
Dungeon (6/15)            Ossuary (1/1)
 Temple: D:4-7

Altars:


Innate Abilities, Weirdness & Mutations

You have extremely sharp teeth.
When hurt, damage is shared between your health and your magic reserves.
Your bite disrupts and absorbs the magic of your enemies.
Potions cannot restore your health.


Message History

As you open the door, it creaks loudly!
A kobold zombie comes into view. x2
A water moccasin zombie comes into view.
A kobold zombie comes into view.
The water moccasin zombie attacks as you move away!
The water moccasin zombie closely misses you. x2
There is an open door here.
You barely miss the water moccasin zombie.
Your bite misses the water moccasin zombie.
The water moccasin zombie bites you!
* * * LOW HITPOINT WARNING * * *
You are too injured to fight recklessly!
You are too injured to fight recklessly!
You are too injured to fight recklessly!
You aren't carrying any potions.
Okay, then.
You hit the water moccasin zombie but do no damage.
The water moccasin zombie bites you.
* * * LOW HITPOINT WARNING * * *
You hit the water moccasin zombie. You bite the water moccasin zombie.
You drain its power.
You feel invigorated.
The water moccasin zombie is lightly damaged.
The water moccasin zombie bites you!
* * * LOW HITPOINT WARNING * * *
You closely miss the water moccasin zombie.
You punch the water moccasin zombie, but do no damage.
The water moccasin zombie is lightly damaged.
The water moccasin zombie barely misses you.
You hit the water moccasin zombie.
Your bite misses the water moccasin zombie.
The water moccasin zombie is lightly damaged.
The water moccasin zombie closely misses you.
You hit the water moccasin zombie.
The water moccasin zombie is moderately damaged.
The water moccasin zombie bites you but does no damage.
You hit the water moccasin zombie. You bite the water moccasin zombie.
You drain its power.
You feel invigorated.
The water moccasin zombie is heavily damaged.
The water moccasin zombie bites you.
You die...

#...#
#...#
#...#
#...#
#'###
#...#
#...#
#...#
#.@.#
#Z###
#Z..#
#..Z#
#...Z.Z.+
#########


You could see a water moccasin zombie and a kobold zombie.

Vanquished Creatures
  An adder zombie (Ossuary)
  A gnoll zombie (Ossuary)
  A hobgoblin zombie (Ossuary)
  A kobold zombie (Ossuary)
  5 orc zombies (Ossuary)
9 creatures vanquished.

Notes
Turn   | Place    | Note
-------+----------+-------------------------------------------
     0 | D:5      | GordonOverkill the Vine Stalker Delver began the quest for
                  | the Orb.
     0 | D:5      | Reached XP level 1. HP: 11/11 MP: 2/2
     8 | D:5      | Noticed an orc priest
     9 | D:5      | Noticed a sleepcap
    18 | D:6      | Noticed a phantom
    20 | D:6      | Noticed a phantom
    57 | D:6      | Found a sand-covered staircase.
    63 | Ossuary  | Entered an ossuary
   177 | Ossuary  | Reached XP level 2. HP: 15/16 MP: 3/3
   218 | Ossuary  | Slain by a water moccasin zombie

Illustrated notes

Levels and vault maps discovered:
D:5:      layout_cave_pods, corexii_corridor_pit, st_stairs_7,
          minmay_door_square, uniq_blork_the_orc
D:6:      layout_layer_cave, serial_shops, nicolae_shop_peninsula,
          nicolae_ossuary_entry_ruins
Ossuary:  ossuary_tomb_2

Action                     || total
---------------------------++-------
  Melee: Unarmed           ||    54
         Bite              ||    12
         Punch             ||     2
  Evoke: Wand              ||     1
    Use: Scroll            ||     1
         Potion            ||     1
 Armour: Leather armour    ||    14
  Dodge: Dodged            ||    27

Table legend: (Time is in decaauts)
 A = Elapsed time spent in this place.
 B = Non-inter-level travel time spent in this place.
 C = Inter-level travel time spent in this place.
 D = Time resting spent in this place.
 E = Time spent auto-exploring this place.
 F = Levels seen in this place.
 G = Mean time per level.
                   A        B        C        D        E       F      G
               +--------+--------+--------+--------+--------+-----+--------+
         Total |    195 |    195 |      0 |     22 |      0 |   3 |   65.0 |
       Dungeon |     50 |     50 |      0 |      0 |      0 |   2 |   25.0 |
       Ossuary |    145 |    145 |      0 |     22 |      0 |   1 |  145.0 |
               +--------+--------+--------+--------+--------+-----+--------+

Top non-repeatable levels by time:
 Ossuary: 145 daAuts
     D:6: 33 daAuts
     D:5: 17 daAuts
